 Dungeon Crawl Stone Soup version 0.25.1-9-gc5326a611f (webtiles) character file.

Game seed: 13078502798684509230

990 Gadfly the Slasher (level 8, -2/64 HPs)
             Began as a Barachi Monk on Dec 27, 2020.
             Slain by an orc
             ... wielding a +2 mace of holy wrath
              (4 damage)
             ... on level 5 of the Dungeon.
             The game lasted 00:08:29 (5565 turns).

Gadfly the Slasher (Barachi Monk)                   Turns: 5565, Time: 00:08:30

Health: -2/64      AC:  7    Str: 15    XL:     8   Next: 18%
Magic:  8/8        EV: 16    Int: 10    God:
Gold:   268        SH:  0    Dex: 15    Spells: 7/7 levels left

rFire    . . .     SeeInvis .   a - +0 falchion
rCold    . . .     Gourm    .   (no shield)
rNeg     . . .     Faith    .   i - +0 leather armour
rPois    .         Spirit   .   p - +0 helmet
rElec    .         Reflect  .   w - +0 cloak
rCorr    .         Harm     .   (no gloves)
MR       .....                  n - +0 pair of boots
Stlth    ++........             h - amulet of the acrobat
HPRegen  0.20/turn              j - +4 ring of slaying
MPRegen  0.11/turn              (no ring)

@: lethally poisoned (-2 -> -6), slow
A: +LOS, swims, slowness 1, strong legs 1
a: Hop


You were on level 5 of the Dungeon.
You were not hungry.

You visited 1 branch of the dungeon, and saw 5 of its levels.

You collected 268 gold pieces.

Inventory:

Hand Weapons
 a - a +0 falchion (weapon)
 b - a +3 quarterstaff of chaos
Armour
 i - a +0 leather armour (worn)
 m - a +0 ring mail
 n - a +0 pair of boots (worn)
 p - a +0 helmet (worn)
 w - a +0 cloak (worn)
Jewellery
 h - an amulet of the acrobat (around neck)
 j - a +4 ring of slaying (left hand)
Wands
 o - a wand of acid (10)
 t - a wand of flame (17)
 x - a wand of enslavement (5)
Scrolls
 g - 5 scrolls of teleportation
 l - a scroll of remove curse
 v - a scroll of fear
Potions
 d - 2 potions of curing {unknown}
 e - 2 potions of heal wounds
 f - a potion of mutation
 k - a potion of ambrosia {unknown}
 q - 3 potions of brilliance
 r - 2 potions of might {unknown}
 s - 2 potions of flight {unknown}
 u - a potion of lignification {unknown}
Comestibles
 c - 8 rations


   Skills:
 + Level 5.8 Fighting
 * Level 7.3 Long Blades
 + Level 4.1 Armour
 * Level 6.6 Dodging
 - Level 1.7 Stealth


You had 7 spell levels left.
You didn't know any spells.
Your spell library was empty.

Dungeon Overview and Level Annotations

Branches:
Dungeon (5/15)
 Temple: D:4-7

Altars:
Dithmenos
Uskayaw
The Shining One

Annotations:
D:5 Dowan


Innate Abilities, Weirdness & Mutations

You can be seen from farther away. (+LOS)
You can swim through water.
You cover ground slowly.
You can hop short distances.


Message History

You hit the orc but do no damage.
You feel sick. Something barely misses you. Dowan barely misses you.
Unknown command.
You are too injured to fight recklessly!
You hit the orc but do no damage.
You feel sick.
An orc wizard appears from thin air!
Reactivating autopickup.
The orc wizard points at you and mumbles some strange words.
The puff of flame hits you. Dowan casts a spell at you.
The shard of ice hits you!
* * * LOW HITPOINT WARNING * * *
The orc misses you.
The orc wizard hits you with a +0 dagger.
* * * LOW HITPOINT WARNING * * *
You completely miss the orc. Dowan misses you.
The orc wizard closely misses you.
You riposte.
You hit the orc wizard.
The orc wizard is lightly wounded.
The orc hits you with a +2 mace of holy wrath.
You die...

#......###.....#
###.##.# #.....#
#..#.# #.....#
##.#.# #.....# ..#
#.....# .. #.....#
######)## ..
#.#.....o#####.....
#>.....e@o.........
###................
######......#####
#......# #......#
#......# #......#
#!.....# .......#


You could see Dowan (fast), an orc wizard (fast) and an orc.

Vanquished Creatures
  Eustachio (D:5)
  Duvessa (D:5)
  A sky beast (D:5)
  An ogre (D:4)
  A bullfrog (D:3)
  A centaur skeleton (D:4)
  A hound (D:4)
  2 orc wizards
  Crazy Yiuf (D:4)
  3 iguanas (D:4)
  3 worker ants
  Robin (D:3)
  10 adders
  An ooze (D:1)
  An adder skeleton (D:4)
  3 worms
  3 dart slugs (D:1)
  5 leopard geckos
  7 orcs
  2 giant cockroaches
  14 goblins
  9 hobgoblins
  7 jackals
  3 quokkas
  3 ball pythons (D:1)
  5 bats
  9 frilled lizards
  5 kobolds
  4 rats (D:1)
108 creatures vanquished.

Notes
Turn   | Place    | Note
-------+----------+-------------------------------------------
     0 | D:1      | Gadfly the Barachi Monk began the quest for the Orb.
     0 | D:1      | Reached XP level 1. HP: 18/18 MP: 1/1
   148 | D:1      | Reached XP level 2. HP: 25/25 MP: 2/2
   204 | D:1      | Reached skill level 4 in Long Blades
   878 | D:1      | Reached XP level 3. HP: 30/30 MP: 3/3
   936 | D:1      | Reached skill level 1 in Armour
  1318 | D:2      | Found a shadowy altar of Dithmenos.
  1320 | D:2      | Found a glowing golden altar of the Shining One.
  1322 | D:2      | Found a hide-covered altar of Uskayaw.
  1383 | D:2      | Reached XP level 4. HP: 13/37 MP: 4/4
  2553 | D:3      | Noticed a bullfrog
  2562 | D:3      | Killed a bullfrog
  2562 | D:3      | Reached skill level 5 in Long Blades
  2562 | D:3      | Reached XP level 5. HP: 17/43 MP: 5/5
  3030 | D:3      | Reached XP level 6. HP: 40/49 MP: 6/6
  3651 | D:3      | Noticed Robin
  3663 | D:3      | Killed Robin
  4074 | D:4      | Reached skill level 5 in Dodging
  4262 | D:4      | Reached skill level 5 in Fighting
  4273 | D:4      | Reached skill level 6 in Long Blades
  4274 | D:4      | Reached XP level 7. HP: 29/56 MP: 7/7
  4781 | D:5      | Entered Level 5 of the Dungeon
  4865 | D:4      | Found a runed translucent door.
  4866 | D:4      | Noticed Crazy Yiuf
  5170 | D:4      | Killed Crazy Yiuf
  5343 | D:5      | Noticed Eustachio
  5461 | D:5      | Killed Eustachio
  5461 | D:5      | Reached skill level 7 in Long Blades
  5461 | D:5      | Reached XP level 8. HP: 54/64 MP: 8/8
  5531 | D:5      | Noticed Duvessa
  5533 | D:5      | Noticed Dowan
  5554 | D:5      | Killed Duvessa
  5559 | D:5      | Identified the +5 chain mail "Luycasic" {Str+5}
  5564 | D:5      | HP: 3/64 [Dowan/shard of ice (17)]
  5565 | D:5      | Slain by an orc

Illustrated notes

Levels and vault maps discovered:
D:1:      erik_arrival_cave_to_civilisation [erik_arrival_cave_to_hall],
          layout_basic
D:2:      layout_loops_ring, grunt_temple_overflow_open
D:3:      layout_loops_corners, first_ration, uniq_robin
D:4:      layout_cave_pools, uniq_crazy_yiuf_cottage
D:5:      layout_basic, minmay_misc_feat_columns, minmay_lizard_king,
          uniq_sigmund, uniq_grinder, uniq_duvessa, uniq_eustachio

Skill      XL: |  1  2  3  4  5  6  7  8 |
---------------+-------------------------+-----
Long Blades    | 4 5 6 7 |  7.3
Armour         | 1 2 3 4 |  4.1
Fighting       | 4 5 |  5.8
Dodging        | 4 5 6 |  6.6
Stealth        | |  1.7

Action                   |  1- 3 |  4- 6 |  7- 9 || total
-------------------------+-------+-------+-------++-------
Melee: Falchion          |   103 |   152 |   108 ||   363
  Use: Scroll            |     8 |     1 |     1 ||    10
       Potion            |       |     1 |     3 ||     4
 Stab: Sleeping          |     3 |     1 |       ||     4
  Eat: Chunk             |     2 |    10 |     5 ||    17
Armor: Robe              |     3 |       |       ||     3
       Leather armour    |    13 |    17 |    23 ||    53
Dodge: Dodged            |    97 |   123 |    95 ||   315
       Rpst.: Falchion   |    38 |    36 |    24 ||    98
